 Dungeon Crawl Stone Soup version 0.32-a0-42-ga30500b4d3 (console) character file.

Game seed: 16516744164179434036

118512 petzl the Thaumaturge (level 17, -1/131 HPs)
             Began as a Formicid Delver on Jan 27, 2024.
             Was a High Priest of Vehumet.
             Hit by a large rock thrown by a stone giant (27 damage)
             ... on level 1 of the Depths on Jan 29, 2024.
             The game lasted 02:47:27 (34042 turns).

petzl the Thaumaturge (Formicid Delver)            Turns: 34042, Time: 02:47:28

Health: -1/131     AC:  9    Str: 24    XL:     17   Next: 32%
Magic:  13/33      EV: 15    Int: 21    God:    Vehumet [*****.]
Gold:   1395       SH: 12    Dex: 19    Spells: 8/40 levels left

rFire   . . .        b - +5 arbalest (freeze)
rCold   + . .        W - +1 buckler {reflect}
rNeg    . . .        r - +4 robe of Augmentation {Str+4 Int+4 Dex+4}
rPois   .            (helmet unavailable)
rElec   .            y - +0 cloak
rCorr   .            k - +0 pair of gloves
SInv    +            l - +0 pair of boots {Fly}
Will    ++...        j - amulet of reflection
Stlth   ++++         z - ring of protection from cold
HPRegen 0.41/turn    V - ring of Dithmenos, Glowing {Will+ Str+2 Stlth+}
MPRegen 0.23/turn

%: reflection
@: flying, studying Fire Magic
A: permanent stasis, dig shafts and tunnels, antennae 3, four strong arms
a: Dig, Shaft Self, Renounce Religion


You were on level 1 of the Depths.
You worshipped Vehumet.
Vehumet was extremely pleased with you.
You visited 6 branches of the dungeon, and saw 25 of its levels.
You also visited: Bailey.

You collected 2322 gold pieces.
You spent 927 gold pieces at shops.

Inventory:

Hand Weapons
 a - the +11 quarterstaff of Subterfuge {spect, rC- rN+ Str+4 Dex+3}
   (You found it on level 3 of the Dungeon)

   Str+4:     It affects your strength (+4).
   Dex+3:     It affects your dexterity (+3).
   rC-:       It makes you vulnerable to cold.
   rN+:       It protects you from negative energy.
 b - a +5 arbalest of freezing (weapon)
 c - a +0 shortbow of electrocution
 i - a +4 scimitar of flaming
 s - a +2 eveningstar of flaming
 G - the +9 hand axe "Zinestic" {flame, Will+ Int+3, !f =f}
   (You found it on level 9 of the Dungeon)

   Int+3:     It affects your intelligence (+3).
   Will+:     It increases your willpower.
 P - the +7 staff of the Meek {protect, meekguard}
   (You found it on level 9 of the Dungeon)
 R - the +2 rapier "Ynorghou" {venom, Dex+3}
   (You took it off a gnoll on level 10 of the Dungeon)

   Dex+3:     It affects your dexterity (+3).
Missiles
 e - 39 poisoned darts
 A - 2 throwing nets
 O - 18 curare-tipped darts
Armour
 k - a +0 pair of gloves (worn)
 l - a +0 pair of boots of flying (worn)
 r - the +4 robe of Augmentation (worn) {Str+4 Int+4 Dex+4}
   (You found it on level 10 of the Dungeon)

   Str+4:     It affects your strength (+4).
   Int+4:     It affects your intelligence (+4).
   Dex+4:     It affects your dexterity (+4).
 y - a +0 cloak (worn)
 W - a +1 buckler of reflection (worn)
Jewellery
 j - an amulet of reflection (around neck)
 p - a ring of fire
 z - a ring of protection from cold (left hand)
 V - the ring of Dithmenos, Glowing (right hand) {Will+ Str+2 Stlth+}
   (You found it on level 4 of the Lair of Beasts)

   [ring of willpower]

   Str+2:     It affects your strength (+2).
   Will+:     It increases your willpower.
   Stlth+:    It makes you more stealthy.
Wands
 f - a wand of digging (3)
 g - a wand of paralysis (14)
 m - a wand of flame (35)
 u - a wand of light (7)
 w - a wand of roots (30)
 M - a wand of polymorph (7)
Scrolls
 d - 2 scrolls of revelation
 n - 3 scrolls of poison
 o - 6 scrolls of fear
 t - 4 scrolls of fog
 v - 5 scrolls of silence
 D - a scroll of amnesia
 I - 6 scrolls of identify
 J - a scroll of immolation
 U - 2 scrolls of butterflies
Potions
 h - 4 potions of enlightenment
 q - 8 potions of ambrosia
 B - a potion of attraction
 C - 4 potions of brilliance
 E - 4 potions of might
 F - 5 potions of curing
 H - 2 potions of magic
 L - a potion of cancellation
 N - 2 potions of lignification
Miscellaneous
 K - a phial of floods
 S - a lightning rod (3/4)
 Z - a sack of spiders


   Skills:
 + Level 11.2 Fighting
 - Level 2.0(5.3) Maces & Flails
 - Level 7.8(8.0) Staves
 - Level 9.1 Ranged Weapons
 - Level 2.0 Armour
 - Level 6.0 Dodging
 - Level 6.0 Stealth
 - Level 6.0 Shields
 + Level 12.0 Spellcasting
 + Level 11.0 Conjurations
 + Level 5.6 Necromancy
 + Level 9.7 Translocations
 * Level 9.2 Fire Magic
 - Level 4.0 Ice Magic
 * Level 6.2 Air Magic
 - Level 6.0 Earth Magic
 - Level 7.1 Alchemy
 - Level 2.0 Evocations


You had 8 spell levels left.
You knew the following spells:

 Your Spells              Type           Power      Damage    Failure   Level
a - Stone Arrow           Conj/Erth      96%        3d13      1%          3
b - Iskenderun's Mystic   Conj/Tloc      54%        2d12      1%          4
c - Plasma Beam           Fire/Air       22%        2x1d34    11%         6
l - Freezing Cloud        Conj/Ice/Air   21%        6-21      2%          5
p - Passage of Golubria   Tloc           52%        N/A       1%          4
u - Sublimation of Blood  Necr           36%        N/A       1%          2
I - Ignite Poison         Fire/Alch      46%        N/A       1%          4
T - Olgreb's Toxic Radia  Alch           42%        N/A       1%          4

Your spell library contained the following spells:

 Spells                   Type           Power      Damage    Failure   Level
 Spellforged Servitor     Conj/Summ      17%        N/A       75%         7
 Apportation              Tloc           100%       N/A       1%          1
 Foxfire                  Conj/Fire      100%       2x1d9     1%          1
 Necrotise                Necr           100%       1d9       1%          1
 Sandblast                Erth           74%        2d16      1%          1
 Sting                    Conj/Alch      100%       1d9       1%          1
 Cigotuvi's Dreadful Rot  Necr/Alch/Air  78%        N/A       1%          2
 Lesser Beckoning         Tloc           100%       N/A       1%          2
 Dazzling Flash           Conj/Hex       70%        N/A       1%          3
 Gell's Gravitas          Tloc           52%        N/A       1%          3
 Mephitic Cloud           Conj/Alch/Air  46%        N/A       1%          3
 Passwall                 Erth           37%        N/A       1%          3
 Teleport Other           Tloc           52%        N/A       1%          3
 Brom's Barrelling Bould  Conj/Erth      48%        2d7       1%          4
 Manifold Assault         Tloc           52%        N/A       1%          4
 Arcjolt                  Conj/Air       24%        1d34      1%          5
 Leda's Liquefaction      Alch/Erth      20%        N/A       4%          4
 Lee's Rapid Deconstruct  Erth           18%        3d11*     4%          5
 Starburst                Conj/Fire      26%        6d8       4%          6
 Summon Small Mammal      Summ           48%        N/A       6%          1
 Animate Dead             Necr           36%        N/A       6%          4
 Bombard                  Conj/Erth      24%        9d5       8%          6
 Call Imp                 Summ           24%        N/A       9%          2
 Yara's Violent Unravell  Hex/Alch       13%        3d7       11%         5
 Borgnjor's Vile Clutch   Necr/Erth      18%        N/A       16%         5
 Curse of Agony           Necr           36%        N/A       16%         5
 Dispersal                Tloc           26%        N/A       17%         6
 Tukima's Dance           Hex            12%        N/A       19%         3
 Martyr's Knell           Necr/Summ      24%        N/A       19%         4
 Silence                  Hex/Air        12%        N/A       43%         5
 Death Channel            Necr           18%        N/A       65%         6
 Maxwell's Capacitive Co  Air            19%        ∞         99%         8
 Summon Hydra             Summ           6%         N/A       100%        7
 Disjunction              Tloc           26%        N/A       100%        8
 Dragon's Call            Summ           6%         N/A       100%        9
 Vhi's Electric Charge    Tloc/Air       Unusable   N/A       N/A         4

Dungeon Overview and Level Annotations

Branches:
Dungeon (15/15)            Temple (1/1) D:5            Lair (5/5) D:11
 Shoals (1/4) Lair:3       Spider (0/4) Lair:3        Slime (0/5) Lair:5
    Orc (2/2) D:9             Elf (0/3) Orc:2        Vaults (0/5) D:14
 Depths (1/4) D:15         Bailey (visited)

Altars:
Ashenzari
Cheibriados
Dithmenos
Elyvilon
Fedhas
Gozag
Hepliaklqana
Kikubaaqudgha
Makhleb
Nemelex Xobeh
Okawaru
Qazlal
Ru
Sif Muna
Trog
Uskayaw
Vehumet
Wu Jian
Xom
Yredelemnul
Zin
The Shining One
Jiyva
Lugonu

Shops:
D:6 *   D:10 !   D:12 *   Orc:1 [   Orc:2 [?([

Portals:
Hell: Depths:1
Abyss: Lair:5
Ziggurat: Depths:1

Annotations:
D:9 3 runed translucent doors, Azoth's ghost, journeyman TrSh
D:11 3 runed translucent doors, exclusion: downstairs, petzl's ghost, novice FoDe
D:14 exclusion: 2 downstairs
Lair:4 exclusion: downstairs


Innate Abilities, Weirdness & Mutations

You cannot be hasted, slowed, berserked, paralysed or teleported.
You can dig through walls and to a lower floor.
You have a pair of large antennae on your head. (SInv)
Your four strong arms can wield two-handed weapons with a shield.


Message History

Casting: Olgreb's Toxic Radiance (mildly dangerous; 1% risk of failure)
Confirm with . or Enter, or press ? or * to list all spells.
Casting: Plasma Beam (dangerous; 11% risk of failure)
Press: ? - help, Dir - look around, f - activate
Okay, then.
Casting: Plasma Beam (dangerous; 11% risk of failure)
Confirm with . or Enter, or press ? or * to list all spells.
You erupt in a blast of force!
The mystic blast hits the stone giant.
The stone giant is heavily wounded.
You hear a shout!
The stone giant hits you!!
Unknown command.
Unknown command.
Casting: Iskenderun's Mystic Blast (safe; 1% risk of failure)
Confirm with . or Enter, or press ? or * to list all spells.
You erupt in a blast of force!
The mystic blast hits the stone giant.
The stone giant is heavily wounded.
The stone giant is knocked back by the mystic blast.
The stone giant throws a large rock.
You block the large rock with your +1 buckler of reflection... and reflect it back!
The large rock hits the stone giant!
The stone giant throws a large rock.
The large rock hits you!!
* * * LOW HITPOINT WARNING * * *
Okay, then.
Okay, then.
Okay, then.
Unknown command.
Unknown command.
Unknown command.
Unknown command.
As you read the scroll of fear, it crumbles to dust.
You assume a fearsome visage.
The iron troll resists with some effort.
The stone giant looks frightened!
Cornered, the stone giant turns to fight!
As you read the scroll of fog, it dissolves into smoke.
Unknown command.
Unknown command.
The stone giant throws a large rock.
The large rock hits you!!
You die...

#.#.......# #.......). #.#.......#
#.........
########.###..##########.........
.................................
...............).................
########..######..#########......
#.^# #..# #......
#########..######..#########{.....
#............................=....
#...........................T.....
#..........######..#########..####
#....>.....######§§#########..####
#............C§§§§§§{..T..........
#........)...§§§{§§§#######.......
##########.C#####§### ... ###.#..#
##########..#####§# #'# #.#..#
#...............§§# #.# #...T.
#.................# #.# #.....
##############@...## #.# ###.####
###############...#$.##'###...####
#.................##'#...####.....
##~♣~..............#...(.'..'.....
##~~~...####..####.##'#...####.####
#P~P~P...###..####.# ##'## #..###
#P~≈~..............####T..# #.....
♣~P~...............##.###.##....
#♣♣P......######...##.#∩#.##..###
♣~~###..# #....#.#'#.#...#
########..######....##...##...####
#....................#####........
#.........)....)..................
#############..###########..######
#############..###########..######
#.................................
#...#########.....................
#...#.......#..............######.
#...#.♣.♣.♣.#..............######.


You could see a stone giant.

Vanquished Creatures
  A stone giant (Depths:1)
  A vampire knight (Depths:1)
  2 fire dragons
  2 ettins (Depths:1)
  8 hydras
  A rakshasa (Depths:1)
  Erica (D:8)
  The ghost of Peulonen the Impaler, a journeyman TeDe of Hepliaklqana (Lair:4)
  A spriggan air mage (Depths:1)
  An ice dragon (D:15)
  5 vault guards
  2 ogre magi (Orc:2)
  A spriggan skeleton (Depths:1)
  2 catoblepae
  6 centaur warriors
  12 two-headed ogres
  A tengu warrior (D:15)
  2 boulder beetles
  A death yak (Lair:4)
  4 thrashing horrors (Lair:5)
  A deep troll earth mage (Depths:1)
  Sonja (Lair:4)
  Urug (Orc:1)
  Amaemon (D:8)
  2 iron trolls (Depths:1)
  3 skysharks
  3 deep trolls
  3 lindwurms
  3 arcanists (D:14)
  An orc knight (Orc:1)
  2 necromancers
  A harpy (shapeshifter) (Lair:5)
  A tengu zombie (Depths:1)
  7 manticores
  3 deep elf pyromancers
  An oklob plant (Lair:1)
  6 cyclopes
  An elephant (shapeshifter) (Lair:5)
  10 elephants
  16 ugly things
  A stone giant skeleton (Depths:1)
  3 meliai (Lair:4)
  2 rust devils
  4 black mambas
  A torpor snail (Lair:3)
  Joseph (D:9)
  A black mamba (shapeshifter) (D:15)
  An orange demon (D:8)
  A gargoyle (D:12)
  A smoke demon (Lair:5)
  3 large abominations (Lair:5)
  2 rime drakes
  An unseen horror (D:12)
  3 efreet
  2 kobold demonologists
  Jeremiah (D:7)
  17 cane toads
  7 komodo dragons
  A yaktaur (D:15)
  A tengu conjurer (D:15)
  A queen bee (shapeshifter) (D:14)
  3 polar bears
  2 hornets
  Prince Ribbit (D:9)
  A queen bee (Lair:4)
  9 trolls
  A raiju (Lair:5)
  32 blink frogs
  21 dream sheep
  A jumping spider (shapeshifter) (Lair:5)
  3 slime creatures (D:15)
  A centaur simulacrum (D:14)
  A jumping spider (Lair:3)
  7 small abominations (Lair:5)
  A spriggan (Lair:5)
  4 wyverns
  43 yaks
  A ynoxinul (Lair:5)
  3 wraiths
  A wyvern (shapeshifter) (Lair:5)
  7 basilisks
  22 humans
  A fire elemental (D:12)
  2 wargs
  Grum (D:8)
  A redback (Lair:3)
  A spriggan simulacrum (Depths:1)
  A chaos spawn (Lair:5)
  2 steam dragons
  An acid dragon (D:7)
  13 water moccasins
  12 orc warriors
  5 black bears
  3 ice beasts
  4 laughing skulls
  3 sky beasts
  22 ogres
  8 centaurs
  14 wolves
  Blork the orc (D:5)
  6 scorpions
  27 bullfrogs
  7 kobold brigands
  A gnoll sergeant (D:10)
  5 wights
  3 jellies
  27 killer bees
  6 howler monkeys
  A vampire bat (D:5)
  An electric eel (Lair:5)
  A bombardier beetle (D:2)
  A hound (D:5)
  12 orc priests
  A sleepcap (D:7)
  Crazy Yiuf (D:2)
  3 iron imps (D:10)
  Jessica (D:2)
  3 iguanas
  20 orc wizards
  8 gnolls
  6 adders
  3 shadow imps
  A white imp (D:3)
  6 ufetubi
  3 dart slugs
  7 fire bats
  4 ribbon worms
  60 orcs
  2 spectral bats (D:5)
  8 ball pythons
  15 bats
  3 bat skeletons (D:5)
  A bat zombie (D:5)
  10 endoplasms
  4 giant cockroaches
  15 goblins
  4 hobgoblins
  24 kobolds
  4 quokkas
  A bat simulacrum (D:5)
  3 frilled lizards
  2 rats (D:1)
  A butterfly (Lair:4)
759 creatures vanquished.

Vanquished Creatures (others)
  2 spectral weapons
2 creatures vanquished.

Grand Total: 761 creatures vanquished

Notes
Turn   | Place    | Note
-------+----------+-------------------------------------------
     0 | D:5      | petzl the Formicid Delver began the quest for the Orb.
     0 | D:5      | Reached XP level 1. HP: 18/18 MP: 1/1
    33 | D:6      | Noticed an ice beast
    66 | D:6      | Noticed an orc wizard
    66 | D:6      | Noticed an orc priest
   131 | D:5      | Noticed a scorpion
   137 | D:4      | Reached skill level 1 in Spellcasting
   237 | D:3      | Reached XP level 2. HP: 17/24 MP: 4/4
   470 | D:2      | Noticed a bombardier beetle
   478 | D:2      | Reached skill level 2 in Spellcasting
   485 | D:2      | Killed a bombardier beetle
   486 | D:2      | Reached skill level 3 in Spellcasting
   486 | D:2      | Reached XP level 3. HP: 29/29 MP: 4/7
   517 | D:2      | Noticed Jessica
   536 | D:2      | You fall into a shaft and drop 2 floors!
   539 | D:4      | Found an ancient bone altar of Kikubaaqudgha.
   673 | D:4      | Found a sacrificial altar of Ru.
   752 | D:4      | Reached XP level 4. HP: 35/35 MP: 8/8
  1034 | D:5      | Noticed a scorpion
  1122 | D:2      | Killed Jessica
  1123 | D:2      | Reached skill level 4 in Spellcasting
  1128 | D:2      | Reached XP level 5. HP: 27/41 MP: 9/11
  1317 | D:2      | You fall into a shaft and drop 1 floor!
  1573 | D:2      | You fall into a shaft and drop 2 floors!
  2415 | D:2      | Found a radiant altar of Vehumet.
  2421 | D:2      | Became a worshipper of Vehumet
  2510 | D:2      | Found a runed translucent door.
  2511 | D:2      | Noticed Crazy Yiuf
  2565 | D:2      | You fall into a shaft and drop 1 floor!
  2785 | D:2      | Reached skill level 5 in Spellcasting
  2787 | D:2      | You fall into a shaft and drop 2 floors!
  2973 | D:2      | Reached XP level 6. HP: 45/47 MP: 13/13
  3115 | D:3      | Identified the +11 quarterstaff of Subterfuge {spect, rC-
                  | rN+ Str+4 Dex+3}
  3271 | D:3      | Found a faded altar of an unknown god.
  3455 | D:3      | Reached * piety under Vehumet
  3455 | D:3      | Offered knowledge of Foxfire by Vehumet.
  3458 | D:3      | Reached skill level 1 in Evocations
  3481 | D:3      | Reached skill level 1 in Staves
  3748 | D:4      | Reached XP level 7. HP: 52/52 MP: 15/15
  3957 | D:4      | Reached skill level 6 in Spellcasting
  4114 | D:5      | Reached ** piety under Vehumet
  4166 | D:5      | Reached XP level 8. HP: 36/58 MP: 16/18
  4202 | D:5      | Offered knowledge of Sandblast by Vehumet.
  4244 | D:5      | Noticed Blork the orc
  4375 | D:5      | Reached skill level 7 in Spellcasting
  4429 | D:5      | Found a staircase to the Ecumenical Temple.
  4549 | Temple   | Entered the Ecumenical Temple
  4618 | D:5      | Killed Blork the orc
  4798 | D:5      | Reached skill level 5 in Dodging
  4815 | D:5      | Offered knowledge of Inner Flame by Vehumet.
  4847 | D:5      | Reached *** piety under Vehumet
  4955 | D:6      | Found a broken altar of Ashenzari.
  5034 | D:6      | Reached skill level 8 in Spellcasting
  5041 | D:6      | Reached XP level 9. HP: 64/64 MP: 21/21
  5050 | D:6      | Found Biddetekoc's General Store.
  5498 | D:6      | Found a shadowy altar of Dithmenos.
  5502 | D:6      | Reached skill level 1 in Ranged Weapons
  5701 | D:7      | Offered knowledge of Iskenderun's Mystic Blast by Vehumet.
  5703 | D:7      | Reached skill level 9 in Spellcasting
  5711 | D:7      | Learned a level 4 spell: Iskenderun's Mystic Blast
  5749 | D:7      | Identified the +1 mace "Koic" {heavy, *Corrode rC+ Will+}
  5826 | D:7      | Reached skill level 1 in Conjurations
  5826 | D:7      | Reached skill level 1 in Translocations
  6067 | D:7      | Noticed a manticore
  6077 | D:7      | Killed a manticore
  6078 | D:7      | Reached XP level 10. HP: 61/70 MP: 23/23
  6119 | D:7      | Noticed Jeremiah
  6364 | D:8      | Noticed Erica
  7089 | D:7      | Killed Jeremiah
  7223 | D:8      | Noticed Grum
  7238 | D:8      | Killed Grum
  7613 | D:8      | Killed Erica
  7691 | D:8      | Noticed a rust devil
  7736 | D:8      | Found a hide-covered altar of Uskayaw.
  7862 | D:9      | Noticed a two-headed ogre
  7920 | D:9      | Found a flagged portal.
  7927 | D:9      | Identified the +9 hand axe "Zinestic" {flame, Will+ Int+3}
  7947 | D:9      | Noticed Joseph
  7957 | D:9      | Identified a scroll of acquirement
  7970 | D:10     | Entered Level 10 of the Dungeon
  8074 | Bailey   | Entered a bailey
  8087 | Bailey   | Reached skill level 5 in Translocations
  8097 | Bailey   | Reached skill level 5 in Conjurations
  8106 | Bailey   | Reached **** piety under Vehumet
  8107 | Bailey   | Reached skill level 10 in Spellcasting
  8110 | Bailey   | Reached XP level 11. HP: 56/75 MP: 25/25
  8210 | Bailey   | Offered knowledge of Olgreb's Toxic Radiance by Vehumet.
  8219 | Bailey   | Learned a level 4 spell: Olgreb's Toxic Radiance
  8283 | Bailey   | Noticed a vault guard
  8305 | Bailey   | Killed a vault guard
  8306 | Bailey   | Reached skill level 5 in Alchemy
  8424 | Bailey   | Noticed a vault guard
  8438 | Bailey   | Killed a vault guard
  8579 | D:8      | Noticed Amaemon
  8624 | D:8      | You fall into a shaft and drop 2 floors!
  8655 | D:10     | Found the +4 robe of Augmentation {Str+4 Int+4 Dex+4}
  9495 | D:9      | Learned a level 2 spell: Sublimation of Blood
  9639 | D:9      | Killed a two-headed ogre
  9640 | D:9      | Reached skill level 5 in Ranged Weapons
  9888 | D:9      | You fall into a shaft and drop 2 floors!
 10360 | D:11     | Found a staircase to the Lair.
 10472 | D:12     | Noticed a cyclops
 10599 | D:10     | Identified the +2 rapier "Ynorghou" {venom, Dex+3}
 10697 | D:9      | Found a stormy altar of Qazlal.
 10718 | D:9      | Noticed Prince Ribbit
 10724 | D:9      | Killed Prince Ribbit
 10725 | D:9      | Reached XP level 12. HP: 61/81 MP: 26/26
 10836 | D:9      | Found a runed translucent gate.
 10836 | D:9      | Found a runed translucent gate.
 10836 | D:9      | Found a runed translucent gate.
 10837 | D:9      | Noticed Azoth's ghost (journeyman TrSh)
 10871 | D:9      | Learned a level 3 spell: Stone Arrow
 10872 | D:9      | Found a staircase to the Orcish Mines.
 11110 | D:9      | Reached skill level 1 in Earth Magic
 11111 | D:9      | Killed Joseph
 11324 | D:9      | Reached skill level 1 in Armour
 11331 | D:9      | Reached skill level 5 in Staves
 11480 | D:9      | Reached ***** piety under Vehumet
 11483 | D:9      | Found the +7 staff of the Meek {protect, meekguard}
 11665 | D:9      | Offered knowledge of Yara's Violent Unravelling by Vehumet.
 11992 | D:10     | Found Dotux's Distillery.
 12128 | D:10     | Bought 2 potions of heal wounds for 150 gold pieces
 12128 | D:10     | Bought a potion of invisibility for 120 gold pieces
 12374 | D:10     | Found a hazy altar of Hepliaklqana.
 12532 | D:10     | Found a burning altar of Makhleb.
 12733 | D:11     | Noticed a two-headed ogre
 12760 | D:11     | Killed a two-headed ogre
 12951 | D:11     | Found a runed translucent gate.
 12951 | D:11     | Found a runed translucent gate.
 12951 | D:11     | Found a runed translucent gate.
 12955 | D:11     | Noticed petzl's ghost (novice FoDe)
 13436 | Lair:1   | Entered Level 1 of the Lair of Beasts
 13651 | Lair:1   | Got the Handbook of Decaying Command
 13829 | Lair:1   | Reached skill level 5 in Fighting
 13858 | Lair:1   | Noticed a catoblepas
 14866 | Lair:2   | Noticed a six-headed hydra
 15163 | Lair:2   | Reached skill level 5 in Earth Magic
 15224 | Lair:2   | Reached XP level 13. HP: 93/93 MP: 24/27
 15590 | Lair:3   | Noticed a four-headed hydra
 16041 | Lair:3   | Reached skill level 11 in Spellcasting
 16284 | Lair:3   | Found a hole to the Spider Nest.
 16558 | Lair:3   | Offered knowledge of Iskenderun's Battlesphere by Vehumet.
 16878 | Lair:4   | Found a transporter.
 17289 | Lair:2   | You fall into a shaft and drop 1 floor!
 17672 | Lair:3   | Found a staircase to the Shoals.
 17981 | Lair:4   | Found a transporter.
 18067 | Lair:4   | Reached XP level 14. HP: 71/106 MP: 29/29
 18204 | Lair:4   | Learned a level 4 spell: Passage of Golubria
 18485 | Lair:5   | Entered Level 5 of the Lair of Beasts
 18773 | Lair:4   | Noticed Sonja
 18775 | Lair:4   | Killed Sonja
 18903 | Lair:4   | Noticed Peulonen's ghost (journeyman TeDe)
 19651 | Lair:4   | Identified the ring of Dithmenos, Glowing {Will+ Str+2
                  | Stlth+}
 20346 | Lair:4   | Offered knowledge of Plasma Beam by Vehumet.
 20354 | Lair:4   | Learned a level 6 spell: Plasma Beam
 20426 | Lair:5   | Reached skill level 1 in Necromancy
 20430 | Lair:5   | Reached skill level 1 in Fire Magic
 20431 | Lair:5   | Reached skill level 1 in Air Magic
 20637 | Lair:5   | HP: 5/108 [seven-headed hydra (8)]
 21313 | Lair:2   | Reached skill level 12 in Spellcasting
 21524 | D:6      | Bought a potion of heal wounds for 65 gold pieces
 21668 | D:10     | Bought a potion of curing for 45 gold pieces
 21714 | Orc:1    | Entered Level 1 of the Orcish Mines
 21714 | Orc:1    | Found Qosob's Armour Shop.
 21761 | Orc:1    | Noticed Urug
 21776 | Orc:1    | Killed Urug
 22161 | Orc:2    | Entered Level 2 of the Orcish Mines
 22480 | Orc:1    | Reached XP level 15. HP: 47/105 MP: 22/31
 22943 | Orc:1    | Reached skill level 10 in Conjurations
 23856 | Orc:2    | Offered knowledge of Ozocubu's Refrigeration by Vehumet.
 24000 | Orc:2    | Found a staircase to the Elven Halls.
 24003 | Orc:2    | Found Bakhlil's Antique Armour Emporium.
 24006 | Orc:2    | Found Icutech's Magic Scroll Shop.
 24173 | Orc:2    | Bought a scroll of identify for 30 gold pieces
 24175 | Orc:2    | Found Hukk's Antique Armour Boutique.
 24176 | Orc:2    | Found Aziemad's Antique Weapon Shop.
 24355 | Orc:2    | Bought a scroll of identify for 30 gold pieces
 24355 | Orc:2    | Bought a scroll of identify for 30 gold pieces
 24355 | Orc:2    | Bought a scroll of fear for 60 gold pieces
 24355 | Orc:2    | Bought a scroll of poison for 60 gold pieces
 24365 | Orc:2    | Bought a glowing buckler for 225 gold pieces
 24712 | D:2      | Killed Crazy Yiuf
 25134 | D:8      | Killed Amaemon
 25283 | D:8      | Reached skill level 1 in Shields
 25472 | Lair:1   | Learned a level 5 spell: Freezing Cloud
 25795 | Lair:2   | Reached skill level 10 in Fighting
 25936 | Lair:5   | Reached skill level 1 in Ice Magic
 26184 | Lair:5   | Found a viscous altar of Jiyva.
 26184 | Lair:5   | Found a staircase to the Slime Pits.
 26209 | Lair:5   | Learned a level 4 spell: Ignite Poison
 27126 | Lair:5   | Reached XP level 16. HP: 122/122 MP: 12/32
 27394 | Lair:5   | Offered knowledge of Fireball by Vehumet.
 27588 | Lair:5   | Found a corrupted altar of Lugonu.
 27588 | Lair:5   | Found a one-way gate to the infinite horrors of the Abyss.
 27800 | Lair:4   | You fall into a shaft and drop 1 floor!
 28121 | Lair:4   | Killed Peulonen's ghost
 28209 | Lair:4   | Identified the +1 kite shield "Sydirej" {rCorr}
 28456 | Shoals:1 | Entered Level 1 of the Shoals
 28465 | Shoals:1 | Reached skill level 5 in Shields
 28728 | D:12     | Reached skill level 5 in Fire Magic
 28859 | D:12     | Identified the blade talisman of Muttered Phrases {+Blink
                  | rC+ Int-4}
 29175 | D:12     | Found Mont's General Store.
 29209 | D:12     | Bought a scroll of enchant weapon for 112 gold pieces
 31065 | D:14     | Reached skill level 5 in Air Magic
 31318 | D:15     | Entered Level 15 of the Dungeon
 31840 | D:14     | Reached skill level 5 in Necromancy
 31899 | D:14     | Found a gate to the Vaults.
 32223 | D:15     | Offered knowledge of Spellforged Servitor by Vehumet.
 32377 | D:15     | Reached XP level 17. HP: 131/131 MP: 30/33
 32571 | D:15     | Found a staircase to the Depths.
 32801 | Depths:1 | Entered Level 1 of the Depths
 33613 | Depths:1 | Found a one-way gateway to a ziggurat.
 33670 | Depths:1 | Identified the ring of the Shining Light {rF- Str+6 Int+4
                  | Dex+3}
 33979 | Depths:1 | Found a gateway to Hell.
 34042 | Depths:1 | Hit by a large rock thrown by a stone giant

Illustrated notes

Levels and vault maps discovered:
D:1:      lightli_arrival_boilingwater, layout_basic, minmay_quantized
D:2:      layout_basic, basic_altar, uniq_jessica, uniq_crazy_yiuf_cottage
D:3:      layout_loops_ring, hellmonk_ecumenical_altar_lost_god, minmay_vboxes
D:4:      layout_rooms, mainiacjoe_overflow_two_lobes, kennysheep_donut
D:5:      layout_cave_pools, temple_doors_ab, goddamned_bats, uniq_blork_the_orc
D:6:      layout_loops_ring, mainiacjoe_overflow_concentric_impassable,
          grunt_dithmenos_shadows, serial_shops, nicolae_shop_waterfront
D:7:      minmay_cornered_nines, layout_layer_cave,
          ebering_dispersal_statue_hall, minmay_gold_behind_fungi,
          grunt_decor_resistance, minmay_checkerbox, uniq_jeremiah
D:8:      cheibrodos_iron_armory, layout_basic,
          nicolae_uskayaw_murder_on_the_dancefloor, uniq_grum, uniq_erica,
          uniq_amaemon
D:9:      layout_basic, grunt_qazlal_clouds, orc_0_dummy, enter_bailey_2,
          gammafunk_ghost_spectres, pf_guarded_unrand_meek, uniq_prince_ribbit1,
          uniq_joseph
D:10:     layout_big_octagon, marbit_many_paths, demons_altar, serial_shops,
          nicolae_shop_advertising_works [nicolae_subvault_shop_adworks]
D:11:     layout_long_grid, due_lair_maze_entry_diamond,
          gammafunk_ghost_nasty_kobolds
D:12:     minmay_firetagon, layout_cave_pods, serial_shops, shop
D:13:     layout_loops_ring
D:14:     layout_rooms, grunt_vaults_entry_tiered, grunt_decor_fettered
D:15:     grunt_enter_depths_hoard, layout_cave_pools
Temple:   nicolae_temple_bog_church
Lair:1:   minmay_lair_oklob_chamber, layout_cave_pods
Lair:2:   layout_cave_shapes
Lair:3:   layout_regular_city, minmay_shoals_entry_beasts,
          spider_nest_entry_rubble
Lair:4:   cheibrodos_lair_overgrown_chateau, layout_gridlike, nzn_ghost_randoct,
          special_room [special_room_bee], lemuel_fruit_fields, uniq_sonja
Lair:5:   hellmonk_lair_end_abyssal_woods, layout_hall_layers, slime_entry_1,
          grunt_megastairs_4, serial_bayou_shore_a
Shoals:1: layout_shoals, serial_shops, nicolae_shop_scrapyard
Orc:1:    layout_diamond_mine, serial_shops, shop, basic_altar, uniq_urug
Orc:2:    st_orc_open, layout_caves
Depths:1: kennysheep_scales, layout_long_grid, enter_ziggurat_a,
          grunt_hell_entry_dis_mu, eino_curves_03,
          serial_library_hellmonk_u_bend, nrook_campfire, grunt_ministairs_3,
          tso_metal_star, serial_bayou_shore_b

Skill      XL: |  1  2  3  4  5  6  7  8  9 10 11 12 13 14 15 16 17 |
---------------+----------------------------------------------------+-----
Spellcasting   | 1 3 4 5 6 8 9 10 11 12 | 12.0
Dodging        | 2 3 5 6 |  6.0
Evocations     | 1 2 |  2.0
Staves         | 1 2 4 5 7 |  7.8
Ranged Weapons | 3 4 5 6 7 8 9 |  9.1
Conjurations   | 2 5 6 7 9 10 11 | 11.0
Translocations | 2 5 6 7 8 9 |  9.7
Alchemy        | 7 |  7.1
Earth Magic    | 5 6 |  6.0
Armour         | 2 |  2.0
Fighting       | 5 8 9 10 11 | 11.2
Necromancy     | 1 3 5 |  5.6
Fire Magic     | 2 4 8 9 |  9.2
Air Magic      | 1 3 5 6 |  6.2
Shields        | 4 6 |  6.0
Ice Magic      | 2 4 |  4.0
Maces & Flails | |  2.0
Stealth        | |  6.0

Action                     |  1- 3 |  4- 6 |  7- 9 | 10-12 | 13-15 | 16-18 || total
---------------------------+-------+-------+-------+-------+-------+-------++-------
  Melee: Mace              |    48 |       |       |       |       |       ||    48
         Dagger            |       |   210 |       |       |       |       ||   210
         Flail             |       |     6 |       |       |       |       ||     6
         Quarterstaff      |       |    10 |   125 |   303 |   171 |    49 ||   658
         Punch             |       |     1 |       |     6 |     2 |       ||     9
   Fire: Shortbow          |       |       |    20 |   190 |       |       ||   210
         Arbalest          |       |       |       |    36 |   353 |   150 ||   539
  Throw: Dart              |       |       |       |       |     3 |     2 ||     5
   Cast: Olgreb's Toxic Ra |       |       |       |    15 |   110 |    22 ||   147
         Stone Arrow       |       |       |       |     2 |    13 |    11 ||    26
         Iskenderun's Myst |       |       |       |       |    87 |    26 ||   113
         Freezing Cloud    |       |       |       |       |    31 |    70 ||   101
         Ignite Poison     |       |       |       |       |     6 |    17 ||    23
         Passage of Golubr |       |       |       |       |       |     6 ||     6
         Sublimation of Bl |       |       |       |       |       |     4 ||     4
         Plasma Beam       |       |       |       |       |       |     4 ||     4
Ability: Shaft Self        |     1 |     4 |       |     2 |     1 |     1 ||     9
         Dig               |       |       |       |     4 |     4 |     5 ||    13
  Evoke: Wand              |     2 |       |     1 |     2 |     1 |       ||     6
         Lightning rod     |       |       |       |       |       |     3 ||     3
    Use: Scroll            |     1 |     4 |     2 |     8 |    10 |     5 ||    30
         Potion            |       |     2 |       |     7 |    10 |     1 ||    20
   Stab: Sleeping          |     3 |    13 |     4 |     3 |       |       ||    23
         Paralysed         |     1 |       |     1 |     6 |       |       ||     8
         Distracted        |       |       |     4 |     6 |     4 |     1 ||    15
         Invisible         |       |       |       |       |     6 |       ||     6
 Armour: Leather armour    |    28 |   121 |    44 |    67 |       |       ||   260
         Robe              |       |       |       |   114 |   295 |    91 ||   500
  Dodge: Dodged            |    25 |   127 |    77 |   215 |   290 |    54 ||   788
  Block: Other             |     8 |    51 |    23 |    79 |    69 |       ||   230
         Reflection        |     1 |     4 |     2 |     7 |     5 |    24 ||    43
         Buckler           |       |       |       |       |    20 |    71 ||    91

Table legend: (Time is in decaauts)
 A = Elapsed time spent in this place.
 B = Non-inter-level travel time spent in this place.
 C = Inter-level travel time spent in this place.
 D = Time resting spent in this place.
 E = Time spent auto-exploring this place.
 F = Levels seen in this place.
 G = Mean time per level.
                   A        B        C        D        E       F      G
               +--------+--------+--------+--------+--------+-----+--------+
         Total |  34368 |  31486 |   2882 |  10953 |  11474 |  26 | 1321.8 |
       Dungeon |  18725 |  16771 |   1954 |   4375 |   7344 |  15 | 1248.3 |
        Temple |      1 |      1 |      0 |      0 |      0 |   1 |    1.0 |
          Lair |  11135 |  10344 |    791 |   4339 |   3394 |   5 | 2227.0 |
        Shoals |     92 |     92 |      0 |      0 |      0 |   1 |   92.0 |
  Orcish Mines |   2739 |   2603 |    136 |   1440 |    490 |   2 | 1369.5 |
        Depths |   1248 |   1248 |      0 |    634 |    209 |   1 | 1248.0 |
        Bailey |    426 |    426 |      0 |    164 |     37 |   1 |  426.0 |
               +--------+--------+--------+--------+--------+-----+--------+

Top non-repeatable levels by time:
  Lair:4: 3686 daAuts
  Lair:3: 2364 daAuts
     D:9: 2301 daAuts
  Lair:5: 2186 daAuts
     D:8: 2055 daAuts
   Orc:1: 1845 daAuts
  Lair:1: 1641 daAuts
     D:7: 1612 daAuts
    D:11: 1377 daAuts
    D:14: 1350 daAuts
     D:4: 1269 daAuts
  Lair:2: 1255 daAuts
Depths:1: 1248 daAuts
     D:3: 1190 daAuts
     D:2: 1124 daAuts
